 Dungeon Crawl Stone Soup version 0.31-a0-726-g3c93526463 (webtiles) character file.

Game seed: 3018096422066211874

205 Revguard the Ducker (level 5, -7/31 (32) HPs)
             Began as a Tengu Gladiator on Sept 11, 2023.
             Mangled by Crazy Yiuf
             ... wielding a +2 quarterstaff of chaos
              (16 damage)
             ... on level 4 of the Dungeon.
             The game lasted 00:08:05 (2948 turns).

Revguard the Ducker (Tengu Gladiator)               Turns: 2948, Time: 00:08:05

HP:   -7/31 (32)    AC:  4    Str: 14    XL:     5   Next: 83%
MP:   6/6           EV: 29    Int:  8    God:
Gold: 145           SH:  0    Dex: 18    Spells: 4/4 levels left

rFire   . . .        p - +1 short sword (venom)
rCold   . . .        (no shield)
rNeg    . . .        b - +0 leather armour
rPois   .            c - +0 hat
rElec   .            (no cloak)
rCorr   +            s - +0 pair of gloves
SInv    .            (boots unavailable)
Will    .....        (no amulet)
Stlth   ++           i - ring of resist corrosion
HPRegen 0.25/turn    (no ring)
MPRegen 0.10/turn

%: acrobat
@: acrobatic, lightly drained
A: beak, talons 3, acrobatic
a: no special abilities


You were on level 4 of the Dungeon.
You visited 2 branches of the dungeon, and saw 5 of its levels.

You collected 145 gold pieces.

Inventory:

Hand Weapons
 a - a +0 rapier
 p - a +1 short sword of venom (weapon)
Missiles
 d - a throwing net (quivered)
 e - a javelin
Armour
 b - a +0 leather armour (worn)
 c - a +0 hat (worn)
 s - a +0 pair of gloves (worn)
Jewellery
 i - a ring of resist corrosion (left hand)
Scrolls
 f - a scroll of noise {unknown}
 g - a scroll of teleportation
 k - a scroll of revelation {unknown}
 m - a scroll of fear
 o - 2 scrolls of identify {unknown}
 q - a scroll of fog {unknown}
 r - 2 scrolls of enchant armour {unknown}
 t - a scroll of torment {unknown}
Potions
 h - a potion of haste {unknown}
 j - a potion of curing {unknown}
 l - a potion of attraction {unknown}
 n - a potion of ambrosia {unknown}


   Skills:
 * Level 2.9 Fighting
 * Level 4.5 Short Blades
 - Level 2.0 Throwing
 + Level 1.8 Armour
 + Level 4.5 Dodging
 + Level 1.3 Stealth
 + Level 1.3 Evocations


You had 4 spell levels left.
You didn't know any spells.
Your spell library contained the following spells:

 Spells                   Type           Power      Damage    Failure   Level
 Dazzling Flash           Conj/Hex       0%         N/A       85%         3
 Volatile Blastmotes      Fire/Tloc      0%         2d10      85%         3
 Starburst                Conj/Fire      0%         6d3       100%        6
 Maxwell's Capacitive Co  Air            0%         ∞         100%        8


Dungeon Overview and Level Annotations

Branches:
Dungeon (4/15)             Temple (1/1) D:4

Altars:
Ashenzari
Dithmenos
Elyvilon
Makhleb
Nemelex Xobeh
Okawaru
Ru
Sif Muna
Trog
Uskayaw
Xom
Zin
The Shining One

Annotations:
D:4 Crazy Yiuf


Innate Abilities, Weirdness & Mutations

You have a beak for a mouth.
You have claws for feet.
You can magically evade attacks while moving or waiting.


Message History

The giant cockroach bites you.
You hit the giant cockroach.
You kill the giant cockroach!
HP restored.
You see here a giant cockroach corpse.
Found a hand axe.
A ball python comes into view.
The ball python hisses angrily.
You hit the ball python.
The ball python is poisoned.
You claw the ball python.
You kill the ball python!
You see here a ball python corpse.
A quokka comes into view.
You see here a +0 hand axe.
A quokka is nearby!
The quokka completely misses you.
You hit the quokka.
The quokka is poisoned.
Your peck misses the quokka.
The quokka is moderately wounded.
The quokka bites you.
You barely miss the quokka. Your kick misses the quokka. You hit the quokka.
You kill the quokka!
Found a hammer.
Found a runed translucent door.
You open the door.
Throw: 2 throwing nets
Press: ? - help, Q - select action, (/) - cycle Shift-Dir - straight line, f - Crazy Yiuf
Aim: Crazy Yiuf, wielding a +2 quarterstaff of chaos and wearing a +0 cloak (64% to hit)
You throw a throwing net.
The throwing net barely misses Crazy Yiuf.
Crazy Yiuf hits you with a +2 quarterstaff of chaos!
Crazy Yiuf burns you.
You hit Crazy Yiuf.
Crazy Yiuf is poisoned.
Your peck misses Crazy Yiuf.
Crazy Yiuf is lightly wounded.
Crazy Yiuf hits you with a +2 quarterstaff of chaos!
You feel drained.
* * * LOW HITPOINT WARNING * * *
Crazy Yiuf attacks as he pursues you! Crazy Yiuf barely misses you.
Crazy Yiuf attacks as he pursues you!
Crazy Yiuf hits you with a +2 quarterstaff of chaos!
Ouch! That really hurt!
You die...

## #.# #. #.# #+ #.#
# ##†## # #.).###
.###.#...###
.+.........#
.####....####♣♣♣♣♣
## ##.#.##.#P.♣@♣♣♣
### #
##..#....P.♣g.♣#.^.#
#........♣♣♣♣.'..(#
#.##..#.♣♣ ♣♣#..)#
#.#####♣♣ ### #.#
#.# #.# #.#


You could see Crazy Yiuf (very poisoned).

Vanquished Creatures
  Jessica (D:3)
  An iguana (D:3)
  Robin (D:2)
  5 adders
  A white imp (D:4)
  2 dart slugs (D:1)
  2 orcs
  8 endoplasms
  4 giant cockroaches
  10 goblins
  9 hobgoblins
  5 quokkas
  8 ball pythons
  7 bats
  A frilled lizard (D:1)
  8 kobolds
  4 rats
77 creatures vanquished.

Notes
Turn   | Place    | Note
-------+----------+-------------------------------------------
     0 | D:1      | Revguard the Tengu Gladiator began the quest for the Orb.
     0 | D:1      | Reached XP level 1. HP: 12/12 MP: 2/2
   227 | D:1      | Reached XP level 2. HP: 17/17 MP: 3/3
   575 | D:1      | Reached skill level 1 in Armour
   660 | D:1      | Reached XP level 3. HP: 21/21 MP: 4/4
  1049 | D:2      | Reached skill level 1 in Evocations
  1196 | D:2      | Reached XP level 4. HP: 17/27 MP: 5/5
  1319 | D:2      | Noticed Robin
  1333 | D:2      | Killed Robin
  1546 | D:2      | Found a faded altar of an unknown god.
  2063 | D:3      | Reached skill level 1 in Stealth
  2063 | D:3      | Reached XP level 5. HP: 31/31 MP: 6/6
  2381 | D:3      | Noticed Jessica
  2383 | D:3      | Killed Jessica
  2530 | D:4      | Found a staircase to the Ecumenical Temple.
  2543 | Temple   | Entered the Ecumenical Temple
  2939 | D:4      | Found a runed translucent door.
  2940 | D:4      | Noticed Crazy Yiuf
  2948 | D:4      | Mangled by Crazy Yiuf

Illustrated notes

Levels and vault maps discovered:
D:1:      shiori_arrival_oz, layout_loops_corners
D:2:      layout_basic, hellmonk_ecumenical_altar_crossroads, amethyst_killhole,
          uniq_robin
D:3:      layout_basic, uniq_jessica
D:4:      layout_loops_corners, nicolae_kikubaaqudgha_miasma_corner,
          minmay_temple_entry_junction, kennysheep_generic_room_14,
          uniq_crazy_yiuf_cottage
Temple:   cyrus_circular_temple

Skill      XL: |  1  2  3  4 |
---------------+-------------+-----
Armour         | 1 |  1.8
Evocations     | 1 |  1.3
Short Blades   | 4 |  4.5
Dodging        | 4 |  4.5
Stealth        | 1 |  1.3
Fighting       | |  2.9
Throwing       | |  2.0

Action                     |  1- 3 |  4- 6 || total
---------------------------+-------+-------++-------
  Melee: Rapier            |    76 |    33 ||   109
         Kick              |    13 |    18 ||    31
         Peck              |    13 |    11 ||    24
         Short sword       |       |    52 ||    52
  Throw: Throwing net      |     3 |     2 ||     5
    Use: Scroll            |       |     2 ||     2
   Stab: Sleeping          |     2 |     6 ||     8
         Held in net/web   |     1 |     1 ||     2
 Armour: Leather armour    |    28 |    30 ||    58
  Dodge: Dodged            |    59 |    62 ||   121

Table legend: (Time is in decaauts)
 A = Elapsed time spent in this place.
 B = Non-inter-level travel time spent in this place.
 C = Inter-level travel time spent in this place.
 D = Time resting spent in this place.
 E = Time spent auto-exploring this place.
 F = Levels seen in this place.
 G = Mean time per level.
                   A        B        C        D        E       F      G
               +--------+--------+--------+--------+--------+-----+--------+
         Total |   2935 |   2818 |    117 |    255 |   1991 |   5 |  587.0 |
       Dungeon |   2848 |   2731 |    117 |    192 |   1991 |   4 |  712.0 |
        Temple |     86 |     86 |      0 |     63 |      0 |   1 |   86.0 |
               +--------+--------+--------+--------+--------+-----+--------+

Top non-repeatable levels by time:
     D:1: 1000 daAuts
     D:2: 939 daAuts
     D:3: 503 daAuts
     D:4: 405 daAuts
  Temple: 86 daAuts
